 Dungeon Crawl Stone Soup version 0.24.0-1-gfbc8707122 (webtiles) character file.

Game seed: 14492430918219281416, levelgen mode: deterministic

146052 MTVSty1e the Executioner (level 16, -16/149 HPs)
             Began as a Minotaur Fighter on Oct 28, 2019.
             Was the Champion of Okawaru.
             Demolished by an orc knight
             ... wielding a +0 long sword
              (23 damage)
             ... on level 1 of the Orcish Mines.
             The game lasted 00:40:07 (24523 turns).

MTVSty1e the Executioner (Minotaur Fighter)        Turns: 24523, Time: 00:40:08

Health: -16/149    AC:  0    Str: 28    XL:     16   Next: 88%
Magic:  22/22      EV: 13    Int:  5    God:    Okawaru [******]
Gold:   1498       SH:  0    Dex: 10    Spells: 15/15 levels left

rFire    . . .     SeeInvis .   (weapon currently unavailable)
rCold    . . .     Gourm    .   (shield currently unavailable)
rNeg     . . .     Faith    .   (armour currently unavailable)
rPois    .         Spirit   .   (helmet currently unavailable)
rElec    .         Reflect  .   (cloak currently unavailable)
rCorr    .         Harm     .   (gloves currently unavailable)
MR       +....                  (boots currently unavailable)
Stlth    +.........             (no amulet)
HPRegen  0.34/turn              (ring currently unavailable)
MPRegen  0.18/turn              (ring currently unavailable)

@: about to teleport, pig-form, slowed
A: small, (retaliatory headbutt)
a: Heroism, Finesse, Renounce Religion


You were on level 1 of the Orcish Mines.
You worshipped Okawaru.
Okawaru was exalted by your worship.
You were hungry.
You were a filthy swine.
You visited 4 branches of the dungeon, and saw 24 of its levels.
You also visited: Bailey and Volcano.

You collected 2750 gold pieces.
You spent 1252 gold pieces at shops.

Inventory:

Hand Weapons
 E - a +3 broad axe of flaming
 M - a +9 broad axe of flaming (melded)
Armour
 a - a +1 plate armour of fire resistance
 q - a +0 hat (melded)
 s - the +6 large shield "Gexkorr" (melded) {rPois Str+3}
   (You found it in a bailey)

   It affects your strength (+3).
   It protects you from poison.
 w - the +1 pair of boots of Hadjma (melded) {MR+}
   (Okawaru gifted it to you on level 12 of the Dungeon)

   It affects your resistance to hostile enchantments.
 y - the +0 pair of gloves "Ofevos" (melded) {rF+ rC++ rN+ Dex-4}
   (You bought it in a shop on level 2 of the Orcish Mines)

   It affects your dexterity (-4).
   It protects you from fire.
   It greatly protects you from cold.
   It protects you from negative energy.
 A - a +0 crystal plate armour (melded)
 F - a +2 pair of gloves of strength
 G - a scarf of cloud immunity
 N - the +0 cloak "Wuibb" (melded) {rF+ rN+ MP+9 Str-3}
   (You bought it in a shop on level 2 of the Orcish Mines)

   It affects your strength (-3).
   It protects you from fire.
   It protects you from negative energy.
   It affects your magic capacity (+9).
Jewellery
 g - the ring "Ashaghag" (melded) {MP+9 AC+4 Str+4 Stlth-}
   (You acquired it on level 6 of the Lair of Beasts)

   [ring of protection]

   It affects your AC (+4).
   It affects your strength (+4).
   It affects your magic capacity (+9).
   It makes you less stealthy.
 h - an uncursed ring of protection from cold
 t - an uncursed ring of flight
 H - a ring of resist corrosion (melded)
 O - an uncursed ring of protection from fire
 Q - an uncursed ring of positive energy
 R - an uncursed ring of ice
 V - an uncursed amulet of faith
Wands
 b - a wand of disintegration (12)
 j - a wand of acid (6)
 u - a wand of clouds (4)
 D - a wand of polymorph (22)
 I - a wand of digging (4)
 S - a wand of flame (19)
 T - a wand of iceblast (8)
Scrolls
 e - 7 scrolls of teleportation
 l - 7 scrolls of enchant armour
 v - 10 scrolls of remove curse
 B - 4 scrolls of identify
 C - a scroll of fog
 K - a scroll of magic mapping
 P - 5 scrolls of amnesia
Potions
 d - 9 potions of curing
 i - 4 potions of ambrosia
 k - 3 potions of haste
 m - 3 potions of invisibility
 n - a potion of brilliance
 o - 6 potions of agility
 p - a potion of cancellation
 r - 4 potions of berserk rage
 x - 4 potions of flight
 z - 2 potions of magic
 J - 3 potions of lignification
 L - 3 potions of might
Comestibles
 f - 27 rations


   Skills:
 + Level 15.1 Fighting
 * Level 21.8 Axes
 + Level 12.5 Armour
 + Level 12.3 Shields
 + Level 10.2 Invocations


You had 15 spell levels left.
You didn't know any spells.
Your spell library contained the following spells:

 Spells                   Type           Power        Failure   Level  Hunger
 Animate Skeleton         Necr           N/A          47%         1    ##.....
 Beastly Appendage        Tmut           #.....       47%         1    ##.....
 Corona                   Hex            #......      47%         1    ##.....
 Magic Dart               Conj           #...         47%         1    ##.....
 Pain                     Necr           #...         47%         1    ##.....
 Shock                    Conj/Air       #...         47%         1    ##.....
 Summon Small Mammal      Summ           #...         47%         1    ##.....
 Call Imp                 Summ           #.......     63%         2    ###....
 Ensorcelled Hibernation  Hex/Ice        #.....       63%         2    ###....
 Searing Ray              Conj           #.....       63%         2    ###....
 Sticks to Snakes         Tmut           #.......     63%         2    ###....
 Swiftness                Chrm/Air       #.......     63%         2    ###....
 Call Canine Familiar     Summ           #.......     85%         3    ####...
 Confuse                  Hex            #.......     85%         3    ####...
 Dazzling Spray           Conj/Hex       #.....       85%         3    ####...
 Regeneration             Chrm/Necr      #.........   85%         3    ####...
 Spider Form              Tmut/Pois      #.........   85%         3    ####...
 Static Discharge         Conj/Air       #.......     85%         3    ####...
 Summon Guardian Golem    Hex/Summ       #.......     85%         3    ####...
 Tukima's Dance           Hex            #.......     85%         3    ####...
 Vampiric Draining        Necr           #.........   85%         3    ####...
 Airstrike                Air            #.........   99%         4    #####..
 Animate Dead             Necr           N/A          99%         4    #####..
 Cause Fear               Hex            #.........   99%         4    #####..
 Force Lance              Conj/Tloc      #.......     99%         4    #####..
 Fulminant Prism          Conj/Hex       #.........   99%         4    #####..
 Ice Form                 Ice/Tmut       #.......     99%         4    #####..
 Iskenderun's Mystic Bla  Conj           #.......     99%         4    #####..
 Summon Ice Beast         Ice/Summ       #.......     99%         4    #####..
 Summon Lightning Spire   Summ/Air       #.......     99%         4    #####..
 Blade Hands              Tmut           #.........   100%        5    ######.
 Lightning Bolt           Conj/Air       #.........   100%        5    ######.
 Silence                  Hex/Air        #.........   100%        5    ######.
 Yara's Violent Unravell  Hex/Tmut       #.........   100%        5    ######.
 Deflect Missiles         Chrm/Air       #.........   100%        6    #######
 Malign Gateway           Summ/Tloc      #.........   100%        7    #######
 Monstrous Menagerie      Summ           #.........   100%        7    #######
 Summon Greater Demon     Summ           #.........   100%        7    #######
 Discord                  Hex            #.........   100%        8    #######
 Summon Horrible Things   Summ           #.........   100%        8    #######


Dungeon Overview and Level Annotations

Branches:
Dungeon (15/15) Temple (1/1) D:4 Lair (6/6) D:10 Shoals (0/4) Lair:3 Snake (0/4) Lair:4 Slime (0/5) Lair:6 Orc (2/2) D:10 Elf (0/3) Orc:2 Vaults (0/5) D:13 D:14 Depths (0/5) D:15 Bailey (visited) Volcano (visited)

Altars:
Ashenzari
Cheibriados
Dithmenos
Elyvilon
Fedhas
Gozag
Hepliaklqana
Kikubaaqudgha
Makhleb
Nemelex Xobeh
Okawaru
Qazlal
Ru
Sif Muna
Trog
Uskayaw
Vehumet
Wu Jian
Xom
Yredelemnul
Zin
The Shining One
Beogh

Shops:
D:10 *!   D:13 !   D:14 *   Orc:2 [[}(?

Annotations:
D:3 1 runed translucent door, Daviar's ghost, novice KoCK
D:12 2 transporters


Innate Abilities, Weirdness & Mutations

((You reflexively headbutt those who attack you in melee.))
((You have a pair of horns on your head.))


Message History

* * * LOW HITPOINT WARNING * * *
Items here: ! ) [ † a +0 dagger; a +0 robe; 2 potions of curing; an orc corpse The orc wizard gestures at you while chanting.
The magic dart hits you!
* * * LOW HITPOINT WARNING * * *
The orc knight hits you with a +0 long sword!
* * * LOW HITPOINT WARNING * * *
You feel much better.
The orc wizard no longer looks unusually strong.
The orc wizard gestures at you while chanting.
The magic dart hits you!
* * * LOW HITPOINT WARNING * * *
The ogre hits you with a +0 giant spiked club!!
* * * LOW HITPOINT WARNING * * *
The orc wizard hits you but does no damage.
The orc warrior hits you with a +0 hand axe.
* * * LOW HITPOINT WARNING * * *
The orc knight hits you with a +0 long sword!!
You die...

# #.# ##...### #
### #...#.## #
##.....# ##.####
##.## #...#
##########)))#
.........#)))#
.......hO#o))#...
......ooooo..'....
........)#.o.#....
.........#.o.#.....
.........##.## ....
.......####'# #...
.....## ..o ##.
..### ... ..


You could see an orc knight, 2 orc warriors, an ogre, an orc priest, 2 orc
wizards and an orc.

Vanquished Creatures
  Jorgrun (D:15)
  Agnes (D:14)
  Roxanne (D:15)
  Kirke (Lair:6)
  An orc warlord (Orc:1)
  2 entropy weavers (Lair:6)
  Nessos (D:15)
  Josephine (D:13)
  2 ogre magi
  An ice dragon (Lair:6)
  Fannar (Orc:1)
  Harold (D:7)
  6 hydras
  11 two-headed ogres
  A death knight (D:13)
  6 centaur warriors
  9 death yaks
  A queen ant (Lair:6)
  4 orc high priests (Orc:2)
  2 skeletal warriors (D:15)
  An unseen horror (D:13)
  A phantasmal warrior (D:15)
  12 orc knights
  Pikel (D:6)
  2 lindwurms (Lair:6)
  A tengu zombie (D:15)
  A necromancer (D:15)
  8 ugly things
  2 oklob plants (Lair:1)
  4 orc sorcerers
  A salamander (Volcano)
  2 cyclopes
  3 manticores
  A black mamba (Lair:3)
  7 elephants
  7 spiny frogs
  A guardian serpent (D:11)
  6 torpor snails
  5 komodo dragons
  5 kobold demonologists
  A komodo dragon (shapeshifter) (D:13)
  A yaktaur skeleton (D:15)
  2 freezing wraiths
  A queen bee (D:9)
  7 trolls
  A polar bear (Lair:5)
  A troll (shapeshifter) (D:14)
  3 tyrant leeches (Lair:6)
  8 hornets (Lair:6)
  2 harpy skeletons (D:15)
  5 blink frogs (Lair:4)
  9 hippogriffs
  A deep troll zombie (D:15)
  12 dream sheep (Lair:6)
  2 shadows
  Sigmund (D:2)
  A centaur simulacrum (D:15)
  19 yaks
  2 wyverns
  7 wraiths
  3 basilisks
  A basilisk (shapeshifter) (D:13)
  A fire elemental (Volcano)
  6 hogs (Lair:6)
  16 humans
  2 fire bats
  6 hungry ghosts
  A human zombie (D:15)
  2 wargs
  11 vampire mosquitoes
  3 nagas (Lair:4)
  5 soldier ants (Lair:6)
  2 hell hounds (Volcano)
  2 acid dragons
  Duvessa (D:6)
  13 water moccasins
  A floating eye (Bailey)
  7 porcupines
  4 sky beasts
  A slave (D:6)
  15 ogres
  39 orc warriors
  4 black bears
  8 ice beasts
  4 wolves (Lair:3)
  2 phantoms
  A necrophage (D:12)
  15 centaurs
  2 eyes of draining
  6 crocodiles
  10 big kobolds
  23 bullfrogs
  2 wyvern zombies
  A water moccasin zombie (D:8)
  10 scorpions
  Dowan (D:6)
  22 killer bees
  6 howler monkeys
  9 crimson imps
  5 hounds
  15 orc priests
  4 centaur skeletons
  A jelly (D:9)
  29 orc wizards
  3 bullfrog skeletons
  Jessica (D:2)
  2 iguanas
  20 worker ants
  A hound zombie (D:7)
  A hound skeleton (D:9)
  A worker ant zombie (D:10)
  9 adders
  4 shadow imps
  2 oozes
  5 worms
  A leopard gecko (D:1)
  83 orcs
  A ball python (D:6)
  5 bats (D:1)
  6 giant cockroaches
  7 goblins
  8 hobgoblins
  14 jackals
  7 quokkas
  3 frilled lizards
  34 kobolds
  A quokka skeleton (D:6)
  6 rats
  A butterfly (Lair:6)
  A fungus (D:10)
  8 plants
  A withered plant (D:15)
769 creatures vanquished.

Vanquished Creatures (others)
  A human (Lair:6)
  An orc warrior (Orc:1)
  2 centaurs (Volcano)
  A bullfrog skeleton (D:6)
  A worker ant (D:6)
  A quokka (D:6)
  2 fungi
  16 plants
25 creatures vanquished.

Grand Total: 794 creatures vanquished

Notes
Turn   | Place    | Note
-------+----------+-------------------------------------------
     0 | D:1      | MTVSty1e the Minotaur Fighter began the quest for the Orb.
     0 | D:1      | Reached XP level 1. HP: 19/19 MP: 0/0
    85 | D:1      | Reached skill level 3 in Axes
    86 | D:1      | Reached XP level 2. HP: 26/26 MP: 1/1
   418 | D:1      | Reached skill level 4 in Axes
   637 | D:1      | Reached XP level 3. HP: 31/31 MP: 2/2
   885 | D:2      | Noticed Jessica
   889 | D:2      | Killed Jessica
   889 | D:2      | Reached skill level 5 in Axes
   983 | D:2      | Reached XP level 4. HP: 36/39 MP: 3/3
  1409 | D:2      | Noticed Sigmund
  1415 | D:2      | Reached skill level 6 in Axes
  1421 | D:2      | Killed Sigmund
  1421 | D:2      | Reached skill level 7 in Axes
  1421 | D:2      | Reached XP level 5. HP: 2/45 MP: 4/4
  1421 | D:2      | Reached XP level 6. HP: 2/51 MP: 5/5
  1880 | D:2      | Found a glowing golden altar of the Shining One.
  2035 | D:3      | Found a runed translucent door.
  2035 | D:3      | Noticed Daviar's ghost (novice KoCK)
  2042 | D:3      | Found a glowing drain.
  2500 | D:4      | Reached skill level 8 in Axes
  2765 | D:4      | Found a staircase to the Ecumenical Temple.
  2775 | Temple   | Entered the Ecumenical Temple
  2826 | Temple   | Became a worshipper of Warmaster Okawaru
  3059 | D:5      | Entered Level 5 of the Dungeon
  3110 | D:5      | Reached skill level 9 in Axes
  3136 | D:5      | Found a shattered altar of Ashenzari.
  3224 | D:5      | Reached XP level 7. HP: 49/57 MP: 6/6
  3273 | D:5      | Found a blossoming altar of Fedhas.
  3849 | D:6      | Noticed Pikel
  3885 | D:6      | Killed Pikel
  3885 | D:6      | Reached * piety under Okawaru
  3885 | D:6      | Reached ** piety under Okawaru
  3885 | D:6      | Reached skill level 5 in Fighting
  3885 | D:6      | Reached skill level 10 in Axes
  3885 | D:6      | Reached XP level 8. HP: 28/69 MP: 7/7
  3885 | D:6      | Reached skill level 11 in Axes
  4380 | D:6      | Noticed Dowan
  4380 | D:6      | Noticed Duvessa
  4386 | D:6      | Killed Dowan
  4393 | D:6      | Killed Duvessa
  4738 | D:6      | Reached skill level 12 in Axes
  4849 | D:7      | Noticed a hippogriff
  4864 | D:7      | Killed a hippogriff
  4864 | D:7      | Reached *** piety under Okawaru
  4864 | D:7      | Reached XP level 9. HP: 25/79 MP: 5/8
  5127 | D:7      | Noticed Harold
  5156 | D:7      | Killed Harold
  5156 | D:7      | Reached skill level 13 in Axes
  5742 | D:7      | Reached **** piety under Okawaru
  6030 | D:8      | Found a flagged portal.
  6039 | Bailey   | Entered a bailey
  6379 | Bailey   | Noticed an orc knight
  6389 | Bailey   | an orc knight changed into a floating eye
  6483 | Bailey   | Noticed an orc knight
  6507 | Bailey   | Reached skill level 14 in Axes
  6580 | Bailey   | Killed an orc knight
  6753 | Bailey   | Reached XP level 10. HP: 61/91 MP: 6/9
  6886 | Bailey   | Got a crude large shield
  6906 | Bailey   | Identified the +6 large shield "Gexkorr" {rPois Str+3} (You
                  | found it in a bailey)
  6929 | Bailey   | Noticed an orc knight
  6945 | Bailey   | Killed an orc knight
  7266 | D:8      | Found a basalt altar of Yredelemnul.
  7514 | D:8      | Reached skill level 15 in Axes
  7673 | D:8      | Reached skill level 10 in Fighting
  7765 | D:8      | Reached ***** piety under Okawaru
  8376 | D:9      | Reached skill level 1 in Invocations
  8602 | D:9      | Received a gift from Okawaru
  9266 | D:10     | Entered Level 10 of the Dungeon
  9357 | D:10     | Found Qugri's Distillery.
  9386 | D:10     | Reached XP level 11. HP: 101/101 MP: 11/11
  9517 | D:10     | Found a staircase to the Lair.
  9524 | D:10     | Reached skill level 5 in Armour
  9567 | D:10     | Found Quegown's General Store.
  9616 | D:10     | Found a staircase to the Orcish Mines.
  9734 | D:11     | Reached skill level 16 in Axes
  9735 | D:11     | Reached skill level 5 in Shields
 10485 | D:11     | Noticed a seven-headed hydra
 10540 | D:10     | Killed a seven-headed hydra
 11370 | D:12     | Noticed a red ugly thing
 11383 | D:12     | Killed a red ugly thing
 11621 | D:12     | Noticed a centaur warrior
 11629 | D:12     | Killed a centaur warrior
 11767 | D:12     | Received a gift from Okawaru
 11770 | D:12     | Got a pair of ichor-stained boots {god gift}
 11776 | D:12     | Identified the +1 pair of boots of Hadjma {MR+} (Okawaru
                  | gifted it to you on level 12 of the Dungeon)
 12024 | D:12     | Reached XP level 12. HP: 110/110 MP: 14/14
 12027 | D:12     | Reached skill level 17 in Axes
 12122 | D:12     | Found a transporter.
 12125 | D:12     | Noticed an orc high priest
 12128 | D:12     | Noticed a two-headed ogre
 12129 | D:12     | Noticed an orc warlord
 12131 | D:12     | Found a roughly hewn altar of Beogh.
 12131 | D:12     | Found a transporter.
 12507 | Lair:1   | Entered Level 1 of the Lair of Beasts
 12510 | Lair:1   | Reached ****** piety under Okawaru
 12620 | Lair:1   | Found a dark tunnel.
 12642 | Volcano  | Entered a volcano
 12744 | Volcano  | Noticed a two-headed ogre
 12750 | Volcano  | Killed a two-headed ogre
 12750 | Volcano  | Reached skill level 5 in Invocations
 14382 | Lair:3   | Noticed a death yak
 14382 | Lair:3   | Noticed a death yak
 14382 | Lair:3   | Noticed a death yak
 14383 | Lair:3   | Noticed a death yak
 14388 | Lair:3   | Killed a death yak
 14388 | Lair:3   | Received a gift from Okawaru
 14390 | Lair:3   | Killed a death yak
 14395 | Lair:3   | Killed a death yak
 14400 | Lair:3   | Killed a death yak
 14424 | Lair:3   | Noticed a seven-headed hydra
 14430 | Lair:3   | Killed a five-headed hydra
 14430 | Lair:3   | Reached skill level 18 in Axes
 14686 | Lair:3   | Found a sparkling altar of Nemelex Xobeh.
 14943 | Lair:3   | Found a staircase to the Shoals.
 15215 | Lair:4   | Found a staircase to the Snake Pit.
 15220 | Lair:4   | Reached XP level 13. HP: 119/119 MP: 16/16
 15654 | Lair:4   | Received a gift from Okawaru
 16935 | Lair:6   | Entered Level 6 of the Lair of Beasts
 16969 | Lair:6   | Noticed an entropy weaver
 16986 | Lair:6   | Noticed an entropy weaver
 16987 | Lair:6   | Killed an entropy weaver
 16987 | Lair:6   | Received a gift from Okawaru
 16992 | Lair:6   | Killed an entropy weaver
 16999 | Lair:6   | Got a smoking scale mail {god gift}
 17000 | Lair:6   | Identified the +6 scale mail of Dawn {Dex+4 Stlth+}
                  | (Okawaru gifted it to you on level 6 of the Lair of Beasts)
 17094 | Lair:6   | Noticed Kirke
 17103 | Lair:6   | Reached skill level 19 in Axes
 17105 | Lair:6   | Reached skill level 10 in Armour
 17107 | Lair:6   | Killed Kirke
 17478 | Lair:5   | Reached skill level 10 in Shields
 17489 | Lair:6   | Reached XP level 14. HP: 129/129 MP: 18/18
 17577 | Lair:6   | Found a staircase to the Slime Pits.
 17947 | Lair:6   | Found a runed translucent door.
 18061 | Lair:6   | Received a gift from Okawaru
 18608 | Lair:6   | Identified a scroll of acquirement
 18611 | Lair:6   | Got a slimy silver ring
 18613 | Lair:6   | Identified the ring "Ashaghag" {MP+9 AC+4 Str+4 Stlth-}
                  | (You acquired it on level 6 of the Lair of Beasts)
 18812 | D:13     | Noticed Josephine
 18826 | D:13     | Killed Josephine
 19088 | D:13     | Found Jidilog's Distillery.
 19445 | D:13     | You fall into a shaft and drop 1 floor!
 19463 | D:14     | Received a gift from Okawaru
 20474 | D:14     | Found a gate to the Vaults.
 20482 | D:14     | Reached skill level 20 in Axes
 20574 | D:14     | Received a gift from Okawaru
 20600 | D:14     | Found Texkes's Antique Armour Emporium.
 20755 | D:14     | Noticed Agnes
 20769 | D:14     | Killed Agnes
 20812 | D:14     | Reached XP level 15. HP: 138/138 MP: 20/20
 20859 | D:14     | Found Ocsaof's Assorted Antiques.
 20890 | D:14     | Bought a scroll of teleportation for 84 gold pieces
 20890 | D:14     | Bought a scroll of identify for 56 gold pieces
 20890 | D:14     | Bought a potion of heal wounds for 140 gold pieces
 20890 | D:14     | Bought a scroll of magic mapping for 98 gold pieces
 21099 | D:15     | Entered Level 15 of the Dungeon
 21217 | D:15     | Noticed Jorgrun
 21231 | D:15     | Killed Jorgrun
 21361 | D:15     | Found a staircase to the Depths.
 21393 | D:15     | Found an iron altar of Okawaru.
 21529 | D:15     | Identified Roxanne's Grimoire of the Rocks
 21529 | D:15     | Noticed Roxanne
 21546 | D:15     | Killed Roxanne
 21546 | D:15     | Received a gift from Okawaru
 21898 | D:15     | Noticed Nessos
 21907 | D:15     | Killed Nessos
 22318 | Orc:1    | Entered Level 1 of the Orcish Mines
 22340 | Orc:2    | Entered Level 2 of the Orcish Mines
 22340 | Orc:2    | Found Kufrail's Magic Scroll Shoppe.
 22419 | Orc:2    | Reached skill level 21 in Axes
 22419 | Orc:2    | Reached XP level 16. HP: 147/147 MP: 22/22
 22462 | Orc:2    | Found a staircase to the Elven Halls.
 22647 | Orc:2    | Found a roughly hewn altar of Beogh.
 22772 | Orc:2    | Found an iron altar of Okawaru.
 22905 | Orc:2    | Found Rothrar's Weapon Shoppe.
 22926 | Orc:2    | Found Qeucra's Antique Armour Boutique.
 23461 | Orc:2    | Reached skill level 10 in Invocations
 23711 | Orc:2    | Found Qubbiub's Gadget Shoppe.
 23712 | Orc:2    | Found Lifeigil's Antique Armour Boutique.
 23785 | Orc:2    | Bought a pair of bloodstained gloves for 304 gold pieces
 23785 | Orc:2    | Bought a bloodstained cloak for 304 gold pieces
 23795 | Orc:2    | Identified the +0 pair of gloves "Ofevos" {rF+ rC++ rN+
                  | Dex-4} (You bought it in a shop on level 2 of the Orcish
                  | Mines)
 23796 | Orc:2    | Identified the +0 cloak "Wuibb" {rF+ rN+ MP+9 Str-3} (You
                  | bought it in a shop on level 2 of the Orcish Mines)
 23819 | Orc:2    | Bought a pair of fine gloves for 266 gold pieces
 23819 | Orc:2    | Identified the cursed +0 pair of gloves of Joy {rN+ Str+3}
                  | (You bought it in a shop on level 2 of the Orcish Mines)
 23868 | Orc:1    | Noticed Fannar
 23874 | Orc:1    | Killed Fannar
 23874 | Orc:1    | Received a gift from Okawaru
 23983 | Orc:1    | Found a roughly hewn altar of Beogh.
 24116 | Orc:1    | Reached skill level 15 in Fighting
 24523 | Orc:1    | HP: 7/149 [orc warrior/+0 hand axe (6)]
 24523 | Orc:1    | Demolished by an orc knight

Levels and vault maps discovered:
D:1:      minmay_arrival_four_loops, layout_loops_corners,
          grunt_decor_arrowhead, hex_tiny, minmay_pentomino_v4
D:2:      layout_loops_ring, tso_altar, uniq_jessica, uniq_sigmund
D:3:      layout_rooms, portal_sewer_entry_a, gammafunk_ghost_grave
D:4:      layout_rooms, minmay_temple_entry_antechambers
D:5:      layout_gridville, kennysheep_little_box, first_ration,
          ashenzari_altar_1
D:6:      layout_gridville, minmay_chambers_of_fives, uniq_pikel, uniq_duvessa
D:7:      layout_rooms, uniq_harold
D:8:      layout_basic, lemuel_round_altar, serial_curves, eino_curves_04,
          eino_curves_01, eino_curves_04, enter_bailey_3
D:9:      layout_layer_cave, special_room [special_room_kobold], david_nohive_1
D:10:     layout_gridville, grunt_lair_entry_orc_guard_hut, serial_shops,
          kennysheep_mini, nicolae_shop_behind_doors
D:11:     layout_irregular_city, minmay_fountain_box,
          nrook_guardian_serpent_double
D:12:     gammafunk_beogh_shrine, layout_loops_ring, hangedman_decor_points
D:13:     layout_grid_maze, serial_shops, shop_statue, uniq_josephine
D:14:     layout_cross, david_vaults_3, serial_shops, nicolae_shop_stone, shop,
          infiniplex_staircase_pool_2, uniq_agnes
D:15:     gammafunk_depths_entry_grave, layout_cave_pods,
          hangedman_decor_diamond_cutter, basic_altar, uniq_nessos,
          uniq_roxanne, uniq_jorgrun
Temple:   regret_index_temple_chain_breaker
Lair:1:   layout_cave_shapes, nicolae_volcano_entry_hallway,
          minmay_lair_oklob_chamber
Lair:2:   layout_small_grid, small_statue_intersection, serial_bayou_shore_b
Lair:3:   layout_concentric_octagons, elwin_shoals_entry_rocks, basic_altar,
          minivault_11
Lair:4:   layout_cave_pods, guppyfry_snake_entry_garden, grunt_megastairs_5
Lair:5:   layout_regular_city
Lair:6:   wormcave, layout_concentric_octagons, dpeg_slime_entry_corner,
          wad_woods_antlair, lemuel_fruit_fields, uniq_kirke
Orc:1:    orc_temple, layout_diamond_mine, mines2_david, uniq_fannar
Orc:2:    st_orc_elflike, layout_diamond_mine, basic_altar, serial_shops, shop,
          okawaru_metal_pillars_1_2

Skill      XL: |  1  2  3  4  5  6  7  8  9 10 11 12 13 14 15 16 |
---------------+-------------------------------------------------+-----
Axes           | 3 4 5 7 9 10 12 14 15 16 18 19 20 21 | 21.8
Fighting       | 5 7 9 10 11 12 13 14 15 | 15.1
Armour         | 4 6 8 10 11 12 | 12.5
Shields        | 4 6 8 10 11 12 | 12.3
Invocations    | 2 4 6 7 9 10 | 10.2

Action                   |  1- 3 |  4- 6 |  7- 9 | 10-12 | 13-15 | 16-18 || total
-------------------------+-------+-------+-------+-------+-------+-------++-------
Melee: War axe           |    70 |   103 |   257 |   585 |       |       ||  1015
       Headbutt          |    14 |    16 |    41 |   138 |   140 |    36 ||   385
       Mace              |       |       |       |     9 |       |       ||     9
       Broad axe         |       |       |       |    94 |   601 |   185 ||   880
       Unarmed           |       |       |       |       |       |     5 ||     5
Invok: Heroism           |       |       |     5 |     5 |     9 |     2 ||    21
       Finesse           |       |       |       |       |       |     1 ||     1
 Abil: Evoke Flight      |       |       |     2 |     1 |       |       ||     3
Evoke: Wand              |       |       |     9 |       |     1 |       ||    10
  Use: Potion            |       |     1 |     3 |     1 |     5 |     1 ||    11
       Scroll            |       |     8 |     3 |    19 |    14 |     9 ||    53
  Eat: Ration            |       |     2 |     3 |     8 |     5 |     2 ||    20
       Chunk             |       |       |     3 |     2 |     6 |       ||    11
Armor: Scale mail        |    41 |    35 |    99 |       |       |       ||   175
       Crystal plate arm |       |       |       |   213 |   182 |    39 ||   434
Dodge: Dodged            |    25 |    29 |    89 |    30 |    46 |    15 ||   234
Block: Shield            |    34 |    39 |   106 |     1 |       |       ||   180
       Large shield      |       |       |       |   633 |   641 |   171 ||  1445
